 Dungeon Crawl Stone Soup version 0.18.1-1-g2f07953 (webtiles) character file.

589 Jerry the Covered (level 7, 0/52 HPs)
             Began as a Human Fighter on May 6, 2016.
             Succumbed to a scorpion's poison
             ... on level 4 of the Dungeon.
             The game lasted 00:12:30 (3084 turns).

Jerry the Covered (Human Fighter)                   Turns: 3084, Time: 00:12:31

Health: 0/52       AC:  7    Str: 19    XL:     7   Next: 65%
Magic:  7/7        EV:  8    Int:  8    God:
Gold:   49         SH: 10    Dex: 12    Spells: 0 memorised, 6 levels left

rFire  . . .     SeeInvis .     a - +0 long sword
rCold  . . .     Gourm    +     j - +0 ring mail
rNeg   . . .     Faith    .     c - +0 shield
rPois  .         Spirit   .     i - +0 helmet
rElec  .         Dismiss  .     (no cloak)
rCorr  .         Reflect  .     (no gloves)
SustAt .         Harm     .     (no boots)
MR     +....                    o - amulet of the gourmand
Stlth  +.........               s - ring of protection from magic
                                (no ring)

@: lethally poisoned (0 -> -2), somewhat resistant to hostile enchantments, very
unstealthy
A: no striking features
a: no special abilities


You were on level 4 of the Dungeon.
You were completely stuffed.

You visited 1 branch of the dungeon, and saw 4 of its levels.

You collected 49 gold pieces.

Inventory:

Hand Weapons
 a - a +0 long sword (weapon)
Armour
 b - a +0 scale mail
 c - a +0 shield (worn)
 i - a +0 helmet (worn)
 j - a +0 ring mail (worn)
Jewellery
 o - an amulet of the gourmand (around neck)
 s - a ring of protection from magic (right hand)
Scrolls
 g - a scroll of teleportation
 h - 4 scrolls of identify
Potions
 p - a potion of agility
Comestibles
 f - 2 bread rations


   Skills:
 - Level 3.0 Fighting
 + Level 4.8 Long Blades
 + Level 5.4 Armour
 + Level 5.2 Shields


You had 6 spell levels left.
You didn't know any spells.

Dungeon Overview and Level Annotations

Branches:
Dungeon (4/15)
 Temple: D:4-7

Altars:
Vehumet


Message History

* * * LOW HITPOINT WARNING * * *
You feel sick.
* * * LOW HITPOINT WARNING * * *
You feel sick.
* * * LOW HITPOINT WARNING * * *
You feel sick.
* * * LOW HITPOINT WARNING * * *
You feel sick.
* * * LOW HITPOINT WARNING * * *
You feel sick.
* * * LOW HITPOINT WARNING * * *
You feel sick.
* * * LOW HITPOINT WARNING * * *
You feel sick.
Eat which item? (? for menu, Esc to quit)
* * * LOW HITPOINT WARNING * * *
You feel sick.
That beef jerky was delicious!
There is a lethal amount of poison in your body!
You die...

..# ..## #########. ....
#.. . ..... #.# .
......##.################.
..........................
......##.##...............
.....###....# # #.......>.
..........#######........
......##.@....).......>.<
..... ##########%†......
.... #<)...... ..
#........ . ##.......
#.....# ######


There were no monsters in sight!

Vanquished Creatures
  The ghost of jedvagenij the Conjurer, an amateur OpCj (D:3)
  An ogre (D:4)
  2 scorpions (D:4)
  A hound (D:4)
  Terence (D:3)
  4 worker ants
  6 gnolls (D:3)
  An adder (D:4)
  A worm (D:3)
  2 dart slugs
  A giant gecko (D:1)
  An orc (D:4)
  6 bats
  3 giant cockroaches
  5 goblins
  8 hobgoblins
  11 jackals
  3 kobolds
  A quokka (D:3)
  2 ball pythons (D:1)
  6 giant newts
  9 rats
76 creatures vanquished.

Notes
Turn   | Place    | Note
--------------------------------------------------------------
     0 | D:1      | Jerry the Human Fighter began the quest for the Orb.
     0 | D:1      | Reached XP level 1. HP: 18/18 MP: 1/1
    44 | D:1      | Reached XP level 2. HP: 12/24 MP: 2/2
   257 | D:1      | Reached XP level 3. HP: 26/29 MP: 3/3
  1259 | D:2      | Reached XP level 4. HP: 35/35 MP: 4/4
  1719 | D:3      | Noticed Terence
  1728 | D:3      | Killed Terence
  1730 | D:3      | Reached XP level 5. HP: 29/41 MP: 5/5
  1731 | D:3      | Found a radiant altar of Vehumet.
  2203 | D:3      | Noticed jedvagenij's ghost (amateur OpCj)
  2237 | D:3      | Killed jedvagenij's ghost
  2237 | D:3      | Reached XP level 6. HP: 47/47 MP: 6/6
  2687 | D:4      | Reached XP level 7. HP: 28/52 MP: 7/7
  2833 | D:4      | Reached skill level 5 in Armour
  3054 | D:4      | Reached skill level 5 in Shields
  3078 | D:4      | HP: 2/52 [poisoned by a scorpion]
  3084 | D:4      | Succumbed to a scorpion's poison

Skill      XL: |  1  2  3  4  5  6  7 |
---------------+----------------------+-----
Long Blades    | 3 4 |  4.8
Armour         | 4 5 |  5.4
Shields        | 4 5 |  5.2
Fighting       | |  3.0

Action                   |  1- 3 |  4- 6 |  7- 9 || total
-------------------------+-------+-------+-------++-------
Melee: Long sword        |   116 |   118 |    49 ||   283
  Use: Potion            |       |     5 |       ||     5
       Scroll            |       |       |     4 ||     4
  Eat: Chunk             |     4 |    14 |     1 ||    19
       Beef jerky        |       |       |     1 ||     1
Armor: Scale mail        |    19 |       |       ||    19
       Ring mail         |    45 |    69 |    15 ||   129
       Skin              |       |    11 |       ||    11
Dodge: Dodged            |    49 |    58 |    19 ||   126
Block: Shield            |    59 |    94 |    35 ||   188
